 Dungeon Crawl Stone Soup version 0.27-a0-906-g0a00ce863d (webtiles) character file.

Game seed: 186460557728122148

21 kae the Insei (level 2, -2/23 HPs)
             Began as a Demonspawn Gladiator on Apr 6, 2021.
             Slain by a goblin
             ... wielding a +2 dagger of electrocution
              (20 damage)
             ... on level 1 of the Dungeon.
             The game lasted 00:00:24 (1060 turns).

kae the Insei (Demonspawn Gladiator)                Turns: 1060, Time: 00:00:24

Health: -2/23      AC:  6    Str: 14    XL:     2   Next: 62%
Magic:  2/2        EV: 12    Int:  9    God:
Gold:   9          SH:  0    Dex: 14    Spells: 1/1 levels left

rFire    . . .     SeeInvis .     - Unarmed
rCold    . . .     Faith    .   (no shield)
rNeg     . . .     Spirit   .   a - +0 leather armour
rPois    .         Reflect  .   b - +0 helmet
rElec    .         Harm     .   (no cloak)
rCorr    .         Rampage  .   (no gloves)
Will     .....                  (no boots)
Stlth    +.........             (no amulet)
HPRegen  0.07/turn              (no ring)
MPRegen  0.08/turn              (no ring)

@: no status effects
A: yellow scales 1
a: no special abilities


You were on level 1 of the Dungeon.
You visited 1 branch of the dungeon, and saw 1 of its levels.

You collected 9 gold pieces.

Inventory:

Missiles
 c - 3 throwing nets (quivered)
Armour
 a - a +0 leather armour (worn)
 b - a +0 helmet (worn)
Potions
 d - a potion of resistance {unknown}
 e - a potion of heal wounds {unknown}


   Skills:
 + Level 2.3 Fighting
 - Level 1.7 Throwing
 + Level 2.9 Dodging
 * Level 3.2 Unarmed Combat


You had one spell level left.
You didn't know any spells.
Your spell library was empty.

Dungeon Overview and Level Annotations

Branches:
Dungeon (1/15)

Altars:


Innate Abilities, Weirdness & Mutations

You are partially covered in yellow scales. (AC +2)


Message History

The bat is heavily wounded.
The frilled lizard hisses angrily.
The bat hits you. The bat hits you but does no damage.
There are monsters nearby!
There are monsters nearby!
You closely miss the bat.
The bat is heavily wounded.
The bat barely misses you.
A frilled lizard and a ball python come into view.
The ball python hisses angrily.
The frilled lizard hisses angrily.
The bat hits you but does no damage.
A goblin comes into view.
It is wielding a +2 dagger of electrocution.
There are monsters nearby!
You closely miss the bat.
The bat is heavily wounded.
The bat closely misses you. The bat hits you but does no damage.
The goblin shouts!
The bat hits you but does no damage. The ball python closely misses you.
The ball python grabs you. The ball python constricts you.
Found 13 gold pieces.
You closely miss the ball python. The bat closely misses you.
The ball python barely misses you. The ball python constricts you.
There are monsters nearby!
You hit the ball python.
The ball python is severely wounded.
The bat hits you but does no damage. The frilled lizard barely misses you.
The ball python bites you but does no damage.
The ball python constricts you. The bat closely misses you.
The frilled lizard barely misses you.
You hit the ball python.
You kill the ball python!
The bat hits you but does no damage.
The frilled lizard completely misses you.
The frilled lizard barely misses you.
The goblin hits you with a +2 dagger of electrocution.
You are electrocuted!!
Ouch! That really hurt!
You die...

$.....# ......#
......# ......#
##......#
######..b....#
######............#
..........l@g.....#
#####..####l.....#
#######.## ......#
##.......# #######
###..#######
##...###.# ...####[.
#######.#
........#############


You could see a goblin, a bat and 2 frilled lizards.

Vanquished Creatures
  3 ball pythons (D:1)
  2 endoplasms (D:1)
  A giant cockroach (D:1)
  A hobgoblin (D:1)
  2 jackals (D:1)
  A quokka (D:1)
  4 bats (D:1)
  A frilled lizard (D:1)
  A kobold (D:1)
  3 rats (D:1)
19 creatures vanquished.

Notes
Turn   | Place    | Note
-------+----------+-------------------------------------------
     0 | D:1      | kae the Demonspawn Gladiator began the quest for the Orb.
     0 | D:1      | Reached XP level 1. HP: 16/16 MP: 1/1
   603 | D:1      | Reached skill level 3 in Unarmed Combat
   637 | D:1      | Gained mutation: You are partially covered in yellow
                  | scales. (AC +2) [demonic ancestry]
   637 | D:1      | Reached XP level 2. HP: 18/22 MP: 2/2
   828 | D:1      | Found a faded altar of an unknown god.
  1060 | D:1      | Slain by a goblin

Illustrated notes

Levels and vault maps discovered:
D:1:      dpeg_arrival_shrine, layout_rooms, basic_ecumenical_altar

Skill      XL: |  1 |
---------------+----+-----
Unarmed Combat | 3 |  3.2
Fighting       | |  2.3
Throwing       | |  1.7
Dodging        | |  2.9

Action                   || total
-------------------------++-------
Melee: Unarmed           ||    96
Armor: Leather armour    ||    52
Dodge: Dodged            ||    88

Table legend: (Time is in decaauts)
 A = Elapsed time spent in this place.
 B = Non-inter-level travel time spent in this place.
 C = Inter-level travel time spent in this place.
 D = Time resting spent in this place.
 E = Time spent auto-exploring this place.
 F = Levels seen in this place.
 G = Mean time per level.
                   A        B        C        D        E       F      G
               +--------+--------+--------+--------+--------+-----+--------+
         Total |   1054 |   1054 |      0 |     71 |    826 |   1 | 1054.0 |
       Dungeon |   1054 |   1054 |      0 |     71 |    826 |   1 | 1054.0 |
               +--------+--------+--------+--------+--------+-----+--------+

Top non-repeatable levels by time:
     D:1: 1054 daAuts
